Map: Neon Violet Square LE

Players

Classic

  • Race: Protoss Protoss
  • Spawn Location: 11:00

Elazer - Winner!

  • Race: Zerg Zerg
  • Spawn Location: 5:00

Event: WESG 2017 Haikou

VOD

Have the link to the VOD?

Description

Time

  • Played on: March 17, 2018, 1:03 a.m.
  • Length: 9:55

All games in this series

Show
View Real Time Build Order
Export as new Build Order

Classic Protoss 

Build Orders: 1 Gate Expand, Oracle Opening, Phoenix Opening, Zealot Archon, Archon Drop 

Get SALT Encoding   

  12  0:00  Probe  
  13  0:12  Probe  
  14  0:20  Pylon  
  14  0:24  Probe  
  15  0:38  Probe (Chrono Boost)  
  15  0:41  Gateway  
  16  0:47  Probe (Chrono Boost), Assimilator  
  17  0:52  Probe (Chrono Boost)  
  18  1:04  Probe  
  19  1:16  Probe  
  20  1:28  Nexus  
  20  1:29  Probe  
  21  1:41  Cybernetics Core  
  21  1:43  Probe  
  22  1:49  Assimilator  
  22  1:55  Pylon  
  22  1:58  Probe  
  23  2:13  Probe  
  24  2:16  Adept (Chrono Boost)  
  24  2:20  Stargate  
  26  2:26  Warp Gate  
  26  2:27  Probe  
  27  2:35  Adept  
  29  2:40  Probe x2 (Chrono Boost)  
  31  2:50  Probe x2 (Chrono Boost)  
  33  2:54  Probe (Chrono Boost)  
  33  2:55  Probe (Chrono Boost)  
  35  3:05  Phoenix (Chrono Boost)  
  37  3:06  Probe x2  
  39  3:18  Probe x2  
  41  3:21  Pylon  
  41  3:23  Oracle (Chrono Boost)  
  44  3:30  Probe  
  44  3:31  Probe  
  44  3:32  Gateway  
  46  3:36  Assimilator  
  46  3:38  Assimilator  
  46  3:43  Probe x2  
  48  3:52  Oracle (Chrono Boost)  
  48  3:53  Pylon  
  48  3:55  Probe x2  
  53  4:05  Twilight Council  
  53  4:07  Probe  
  54  4:11  Probe  
  54  4:14  Robotics Facility  
  55  4:23  Probe x2  
  57  4:25  Gateway  
  57  4:28  Gateway  
  57  4:34  Pylon  
  57  4:37  Charge (Chrono Boost)  
  57  4:45  Templar Archives  
  57  4:57  Warp Prism (Chrono Boost)  
  57  5:01  Zealot, Gateway  
  57  5:02  Gateway  
  61  5:11  Zealot  
  61  5:12  Pylon  
  60  5:22  Zealot x3  
  60  5:26  Pylon  
  66  5:35  Nexus  
  66  5:36  Observer  
  66  5:42  Pylon  
  67  5:43  High Templar x3  
  67  5:44  High Templar  
  67  5:47  Archon x2  
  75  5:53  Probe x2  
  75  5:55  Pylon  
  77  6:08  Zealot x2  
  81  6:12  Probe x2  
  81  6:15  Zealot  
  81  6:16  Zealot x3  
  69  6:34  Zealot x2  
  69  6:37  Zealot x4  
  81  6:48  Probe x2  
  73  6:59  Immortal (Chrono Boost), Probe  
  73  7:00  Probe x2  
  73  7:01  High Templar x2, Assimilator  
  65  7:04  Assimilator  
  65  7:05  Forge  
  65  7:06  Psionic Storm  
  73  7:13  Probe x3  
  76  7:16  Archon  
  76  7:19  High Templar x2  
  80  7:25  Probe x3  
  83  7:31  Immortal (Chrono Boost)  
  83  7:32  Gateway  
  83  7:34  Gateway  
  87  7:43  Zealot x3  
  93  7:45  Zealot  
  95  7:51  Protoss Ground Weapons Level 1 (Chrono Boost), High Templar x2  
  95  7:57  Pylon  
  99  8:06  Nexus  
  99  8:08  Pylon  
  99  8:11  Immortal (Chrono Boost)  
  103  8:18  High Templar x2  
  103  8:19  Zealot  
  109  8:21  Probe x2  
  109  8:23  Archon, Probe  
  109  8:27  High Templar x2  
  114  8:31  Archon  
  114  8:32  Photon Cannon  
  114  8:33  Pylon  
  116  8:50  High Templar x2  
  116  8:54  Archon  
  116  8:55  Zealot x4  
  124  8:58  Photon Cannon  
  124  8:59  Pylon  
  124  9:00  Assimilator  
  128  9:06  Assimilator  
  128  9:08  High Templar  
  128  9:09  High Templar  
  132  9:14  Archon  
  88  9:26  Zealot x6  
  79  9:41  Zealot x2  
  73  9:46  Zealot  
  73  9:47  Zealot x4  
Show
View Real Time Build Order
Export as new Build Order

Elazer Zerg - Winner!

Build Orders: Hatch First 

Get SALT Encoding   

  12  0:00  Drone  
  13  0:12  Overlord  
  13  0:17  Drone  
  14  0:30  Drone x2  
  16  0:48  Hatchery  
  15  0:52  Drone  
  15  0:55  Drone  
  17  0:59  Drone  
  18  1:09  Extractor  
  17  1:14  Spawning Pool  
  17  1:18  Drone  
  17  1:21  Drone  
  18  1:30  Drone  
  19  1:40  Drone  
  20  1:51  Overlord  
  20  2:01  Queen  
  20  2:02  Zergling x2, Queen  
  20  2:04  Zergling x2  
  26  2:11  Metabolic Boost  
  26  2:12  Drone  
  27  2:15  Drone  
  28  2:23  Drone  
  28  2:24  Drone  
  30  2:33  Drone  
  31  2:41  Hatchery  
  31  2:43  Drone  
  31  2:48  Queen  
  33  2:53  Overlord  
  33  2:57  Drone  
  33  2:58  Drone  
  35  3:00  Drone  
  36  3:13  Drone x3  
  36  3:14  Drone x2  
  41  3:21  Overlord  
  41  3:22  Overlord  
  41  3:26  Queen  
  43  3:27  Drone  
  44  3:40  Drone  
  45  3:41  Drone  
  45  3:42  Drone  
  45  3:44  Drone x3  
  50  3:48  Drone  
  50  3:49  Evolution Chamber  
  50  3:51  Spore Crawler  
  50  3:55  Drone  
  50  3:56  Overlord  
  50  3:57  Drone x3  
  50  4:00  Spore Crawler  
  52  4:04  Queen  
  52  4:09  Spore Crawler  
  53  4:11  Drone  
  53  4:12  Drone  
  53  4:13  Drone  
  56  4:18  Extractor, Spore Crawler, Drone  
  56  4:19  Drone  
  56  4:21  Drone  
  56  4:23  Drone x2  
  61  4:24  Drone  
  61  4:26  Zerg Melee Weapons Level 1  
  61  4:30  Drone x2  
  63  4:34  Drone, Overlord  
  63  4:35  Drone  
  65  4:39  Drone  
  65  4:40  Overlord  
  65  4:43  Lair  
  66  4:46  Extractor  
  66  4:48  Extractor, Queen  
  66  4:56  Drone x5  
  66  4:58  Drone  
  66  4:59  Drone  
  71  5:01  Overlord  
  71  5:04  Drone x3  
  72  5:07  Drone  
  72  5:08  Drone x2  
  72  5:12  Overlord  
  72  5:13  Extractor  
  72  5:16  Baneling Nest  
  72  5:17  Queen  
  73  5:26  Zergling x2  
  73  5:27  Zergling x12  
  80  5:29  Queen  
  82  5:36  Drone x2  
  82  5:37  Drone  
  82  5:38  Drone  
  86  5:45  Drone  
  86  5:46  Hydralisk Den  
  86  5:49  Hatchery  
  85  5:55  Overlord  
  85  5:57  Zergling x12  
  91  6:05  Baneling x4  
  91  6:06  Baneling x4  
  91  6:07  Zergling x14  
  91  6:10  Overlord  
  97  6:14  Baneling x2  
  97  6:17  Baneling x3  
  97  6:23  Baneling x3  
  90  6:29  Zergling x12  
  90  6:30  Zergling x4  
  95  6:34  Queen  
  95  6:35  Muscular Augments  
  95  6:36  Overlord  
  95  6:37  Zerg Melee Weapons Level 2  
  95  6:39  Zergling x8  
  102  6:40  Zergling x2  
  95  6:50  Zergling x2  
  95  6:51  Zergling x8  
  95  6:53  Zergling x2  
  92  7:00  Extractor  
  91  7:02  Centrifical Hooks  
  91  7:03  Drone x3  
  91  7:04  Drone x4  
  98  7:10  Overlord  
  98  7:12  Hydralisk x2  
  102  7:19  Hatchery  
  102  7:21  Drone x5  
  106  7:23  Drone  
  106  7:26  Drone x2  
  109  7:30  Drone  
  109  7:35  Hatchery  
  109  7:37  Hydralisk x4  
  116  7:44  Hydralisk x2, Overlord  
  116  7:49  Hydralisk x3  
  126  7:52  Grooved Spines  
  126  7:56  Overlord  
  126  7:57  Hydralisk x2  
  130  8:03  Overlord  
  130  8:06  Hydralisk x4  
  130  8:11  Overlord  
  138  8:16  Hydralisk x4  
  146  8:24  Hydralisk x2  
  146  8:26  Zergling x2  
  152  8:27  Zergling x12  
  152  8:31  Baneling  
  152  8:32  Baneling x3  
  157  8:35  Overlord  
  157  8:36  Zergling x8  
  157  8:39  Zergling x4  
  157  8:40  Zergling x2  
  163  8:50  Zergling x16  
  171  8:59  Baneling x10  
  171  9:00  Baneling  
  171  9:01  Zergling x2  
  171  9:02  Zergling x10  
  177  9:08  Baneling  
  177  9:09  Zergling x2  
  176  9:10  Zergling x12  
  166  9:17  Zergling x10  
  166  9:18  Zergling x4  
  166  9:22  Hydralisk x4  
  166  9:23  Zergling x2  
  157  9:31  Zergling x2  
  157  9:32  Zergling x12  
  157  9:35  Zergling x10  
Tags
 
Add a new tag
Caveats
  • Supply blocks, unpowered buildings, or Contaminate may cause inaccurate times.
  • Supply counts are checked every 10 seconds.